 Dungeon Crawl Stone Soup version 0.28.0-47-ge53b351184 (webtiles) character file.

Game seed: 7410939911853871869

853 burmascar the Sneak (level 8, -5/58 HPs)
             Began as a Djinni Brigand on Apr 28, 2022.
             Slain by a scorpion (6 damage)
             ... on level 6 of the Dungeon.
             The game lasted 00:31:10 (8813 turns).

burmascar the Sneak (Djinni Brigand)                Turns: 8813, Time: 00:31:11

Health: -5/58      AC:  3    Str: 12    XL:     8   Next: 21%
Gold:   161        EV: 13    Int: 23    God:
                   SH:  0    Dex: 14

rFire   + + +      SeeInvis .   i - +1 hand axe (vorpal)
rCold   + . .      Faith    .   (no shield)
rNeg    . . .      Spirit   .   o - +1 robe of Piretoa {rElec rC++ Int+3}
rPois   ∞          Reflect  .   (no helmet)
rElec   +          Harm     .   m - scarf {shadows}
rCorr   .          Rampage  .   (no gloves)
Will    .....                   (boots unavailable)
Stlth   +++.......              (no amulet)
HPRegen 0.19/turn               j - +6 ring of intelligence
MPRegen 0.00/turn               p - ring of protection from fire

@: flying
A: sickness immunity, fire resistance 2, cold vulnerability 1, float, innate
caster, HP casting, extra vitality 1
a: no special abilities


You were on level 6 of the Dungeon.
You visited 1 branch of the dungeon, and saw 6 of its levels.
You also visited: Sewer.

You collected 305 gold pieces.
You spent 144 gold pieces at shops.

Inventory:

Hand Weapons
 a - a +2 dagger
 b - a +0 hunting sling
 i - a +1 vorpal hand axe (weapon)
 s - a +2 hand axe of draining
Missiles
 d - 14 poisoned darts (quivered)
 e - 2 curare-tipped darts
 g - 170 stones
 k - 64 bolts
Armour
 m - a scarf of shadows (worn)
 o - the +1 robe of Piretoa (worn) {rElec rC++ Int+3}
   (You found it on level 3 of the Dungeon)

   Int:       It affects your intelligence (+3).
   rC:        It greatly protects you from cold.
   rElec:     It insulates you from electricity.
 C - a +2 buckler
Jewellery
 j - a +6 ring of intelligence (left hand)
 p - a ring of protection from fire (right hand)
 z - a ring of fire
Scrolls
 c - a scroll of summoning {unknown}
 f - a scroll of enchant armour {unknown}
 l - a scroll of amnesia
 n - a scroll of fog {unknown}
 r - 3 scrolls of identify {unknown}
 u - 3 scrolls of fear {unknown}
 v - 2 scrolls of noise {unknown}
 x - a scroll of magic mapping {unknown}
 y - 3 scrolls of teleportation {unknown}
 A - a scroll of enchant weapon {unknown}
Potions
 h - a potion of ambrosia
 q - a potion of resistance {unknown}
 t - 3 potions of flight
 w - 2 potions of berserk rage
 B - a potion of lignification {unknown}


   Skills:
 + Level 3.7 Fighting
 - Level 2.9 Short Blades
 * Level 4.6 Axes
 + Level 0.5(1.2) Slings
 + Level 1.6(1.7) Throwing
 + Level 3.1 Dodging
 + Level 4.8 Stealth


You had 2 spell levels left.
You knew the following spells:

 Your Spells              Type           Power      Damage    Failure   Level
a - Sting                 Tmut/Pois      0%         1d3       16%         1
b - Corpse Rot            Necr/Air       0%         N/A       24%         2
c - Passwall              Tmut/Erth      0%         N/A       24%         2
Your spell library was empty.

Dungeon Overview and Level Annotations

Branches:
Dungeon (6/15)              Sewer (visited)
 Temple: D:4-7

Altars:
Hepliaklqana
Kikubaaqudgha
Vehumet
Yredelemnul
Zin

Shops:
D:5 [

Annotations:
D:3 2 runed translucent doors, Mrmini231's ghost, amateur DsAK
D:6 Eustachio; Prince Ribbit


Innate Abilities, Weirdness & Mutations

You are immune to sickness and miasma.
You are immune to poison.
Your flesh is very heat resistant. (rF++)
You are vulnerable to cold. (rC-)
You float through the air rather than walking.
You learn spells naturally, not from books.
Your magical power is your life essence.
You have superior vitality. (+4 MHP)


Message History

The ogre barely misses you.
You hit the ogre.
The ogre is moderately wounded.
The ogre closely misses you.
Casting: Corpse Rot (dangerous; 24% risk of failure)
Confirm with . or Enter, or press ? or * to list all spells.
You don't know that spell.
Unknown command.
Casting: Corpse Rot (dangerous; 24% risk of failure)
Confirm with . or Enter, or press ? or * to list all spells.
Aiming: Sting (safe; 16% risk of failure)
Press: ? - help, Shift-Dir - straight line, f - ogre
Aim: an ogre, wielding a +0 giant club (moderately wounded, 83% to hit)
The sting hits the ogre.
The ogre is poisoned.
The ogre is moderately wounded.
You closely miss the ogre.
The ogre is moderately wounded.
The ogre closely misses you.
You hit the ogre.
The ogre is heavily wounded.
The ogre hits you with a +0 giant club!!
Ouch! That really hurt!
You barely miss the ogre.
The ogre is severely wounded.
The ogre closely misses you.
Unknown command.
You hit the ogre.
The ogre is almost dead.
The ogre hits you with a +0 giant club!!
* * * LOW HITPOINT WARNING * * *
Unknown command.
You hit the ogre.
You kill the ogre!
Your Dodging skill increases to level 3!
Okay, then.
Unknown command.
As you read the scroll labelled FEYRUC ABBUEWA, it crumbles to dust.
It is a scroll of amnesia.
You feel forgetful for a moment. The scorpion stings you.
You die...

#.# #.#.#.#.#.#
#.#######...# # #..
#.#.#.#.#.# #.# ##### # ###
#.#.#.#.#.###.# #F##
..#.#.#.#.....# #.[.
###.#.#.####################
............................
.
..###.#################.####
#.....###....######.####
#......@sZ..............
#.....###........##'####
####### #........#....
#........#...Z..
#....#####...Y.. #....#
..Z.... .......# .....
........# ........#


You could see a scorpion and a centaur skeleton.

Vanquished Creatures
  2 water moccasins
  A sky beast (D:6)
  An ogre (D:6)
  2 scorpions (D:5)
  A bullfrog zombie (D:5)
  2 bullfrog skeletons
  2 iguanas
  A killer bee zombie (D:5)
  3 gnolls
  5 adders
  A white imp (D:6)
  An ufetubus (D:4)
  An adder skeleton (D:4)
  A worm (D:4)
  3 dart slugs
  7 orcs (D:3)
  9 ball pythons
  2 bats (Sewer)
  4 endoplasms
  3 giant cockroaches (D:1)
  6 goblins
  12 hobgoblins
  6 jackals
  5 quokkas
  5 frilled lizards
  9 kobolds
  10 rats
105 creatures vanquished.

Vanquished Creatures (others)
  3 plants (D:3)
3 creatures vanquished.

Grand Total: 108 creatures vanquished

Notes
Turn   | Place    | Note
-------+----------+-------------------------------------------
     0 | D:1      | burmascar the Djinni Brigand began the quest for the Orb.
     0 | D:1      | Reached XP level 1. HP: 18/18 MP: 0/0
    92 | D:1      | Reached XP level 2. HP: 14/23 MP: 0/0
   879 | D:1      | Reached XP level 3. HP: 23/28 MP: 0/0
   879 | D:1      | Learned a level 1 spell: Sting
  1888 | D:2      | Found a faded altar of an unknown god.
  2245 | D:2      | Reached XP level 4. HP: 19/34 MP: 0/0
  4266 | D:3      | Identified the +1 robe of Piretoa {rElec rC++ Int+3}
  4362 | D:3      | Found a large runed translucent door.
  4362 | D:3      | Found a large runed translucent door.
  4404 | D:3      | Noticed Mrmini231's ghost (amateur DsAK)
  4542 | D:2      | Reached XP level 5. HP: 37/39 MP: 0/0
  4542 | D:2      | Learned a level 2 spell: Corpse Rot
  5488 | D:4      | Reached skill level 1 in Axes
  5526 | D:4      | Found a glowing drain.
  5656 | Sewer    | Entered a sewer
  5664 | Sewer    | Reached XP level 6. HP: 37/45 MP: 0/0
  5742 | Sewer    | Noticed a water moccasin
  5753 | Sewer    | Killed a water moccasin
  5830 | D:4      | Found a basalt altar of Yredelemnul.
  6273 | D:4      | Found a hazy altar of Hepliaklqana.
  6278 | D:4      | Found a glowing silver altar of Zin.
  6334 | D:5      | Entered Level 5 of the Dungeon
  6485 | D:5      | Noticed an ogre
  6561 | D:5      | Noticed an ogre
  6811 | D:4      | Reached XP level 7. HP: 50/50 MP: 0/0
  6811 | D:4      | Learned a level 2 spell: Passwall
  7195 | D:5      | Found Laves's Armour Shop.
  7759 | D:5      | Bought a scarf of shadows for 144 gold pieces
  8122 | D:6      | Noticed Eustachio
  8157 | D:6      | Noticed a water moccasin
  8199 | D:6      | HP: 2/50 [water moccasin (4)]
  8202 | D:6      | Killed a water moccasin
  8203 | D:6      | Reached XP level 8. HP: 3/56 MP: 0/0
  8758 | D:6      | Noticed Prince Ribbit
  8811 | D:6      | HP: 1/57 [ogre/+0 giant club (25)]
  8813 | D:6      | Slain by a scorpion

Illustrated notes

Levels and vault maps discovered:
D:1:      co_arrival_random_square_maze, layout_basic
D:2:      layout_basic, basic_altar, shapermc_ecumenical_altar_mp_highgroup,
          wander_ebering_terrifying_dragon_lair
D:3:      layout_basic, ebering_ghost_disaster_area, corner_web_ring,
          minmay_misc_feat_tiny, saegor_snake_ambush
D:4:      layout_loops_corners, mainiacjoe_overflow_catwalk,
          minmay_overflow_temple_star_quad, portal_sewer_entry_e,
          kennysheep_generic_room_11
D:5:      layout_basic, serial_shops, shop, abandoned_shop,
          lemuel_flamethrower_1
D:6:      kennysheep_kobold_camp, layout_basic, uniq_eustachio,
          uniq_prince_ribbit1, uniq_crazy_yiuf_cottage

Skill      XL: |  1  2  3  4  5  6  7  8 |
---------------+-------------------------+-----
Short Blades   | 2 |  2.9
Stealth        | 4 |  4.8
Dodging        | 2 3 |  3.1
Axes           | 1 2 4 |  4.6
Fighting       | 3 |  3.7
Slings         | |  0.5
Throwing       | |  1.6

Action                   |  1- 3 |  4- 6 |  7- 9 || total
-------------------------+-------+-------+-------++-------
Melee: Dagger            |   122 |    76 |       ||   198
       Hand axe          |       |   146 |   101 ||   247
       Punch             |       |     3 |     3 ||     6
 Fire: Hunting sling     |    17 |       |       ||    17
 Cast: Sting             |       |       |     3 ||     3
       Corpse Rot        |       |       |     1 ||     1
  Use: Potion            |       |     3 |     3 ||     6
       Scroll            |       |       |     1 ||     1
 Stab: Sleeping          |     5 |     8 |     3 ||    16
Armor: Robe              |    21 |    49 |    18 ||    88
Dodge: Dodged            |    54 |   118 |    63 ||   235
